 Dungeon Crawl Stone Soup version 0.30-a0-852-g08b95dd62f (webtiles) character file.

Game seed: 1283333092099580669

49 jimonade the Grasshopper (level 3, -2/36 HPs)
             Began as an Ogre Warper on Mar 5, 2023.
             Slain by a black bear (3 damage)
             ... on level 4 of the Dungeon.
             The game lasted 00:01:43 (1135 turns).

jimonade the Grasshopper (Ogre Warper)              Turns: 1135, Time: 00:01:44

Health: -2/36      AC:  3    Str: 15    XL:     3   Next: 75%
Magic:  6/6        EV: 10    Int: 14    God:
Gold:   77         SH:  0    Dex: 10    Spells: 7/7 levels left

rFire   . . .      SeeInvis .    a - +0 mace
rCold   . . .      Faith    .    (no shield)
rNeg    . . .      Spirit   .    b - +0 robe
rPois   .          Reflect  .    (helmet restricted)
rElec   .          Rampage  .    (no cloak)
rCorr   .                        (gloves unavailable)
Will    .....                    (boots unavailable)
Stlth   +                        (no amulet)
HPRegen 0.26/turn                (no ring)
MPRegen 0.10/turn                (no ring)

@: no status effects
A: large, unfitting armour, tough skin 1
a: no special abilities


You were on level 4 of the Dungeon.
You visited 1 branch of the dungeon, and saw 3 of its levels.

You collected 77 gold pieces.

Inventory:

Hand Weapons
 a - a +0 mace (weapon)
Missiles
 d - 7 boomerangs of dispersal (quivered)
 i - 6 poisoned darts
 k - 5 atropa-tipped darts
Armour
 b - a +0 robe (worn)
Jewellery
 e - an amulet of the acrobat
Scrolls
 c - 2 scrolls of blinking
 f - a scroll of poison {unknown}
 g - 2 scrolls of enchant weapon {unknown}
 h - 2 scrolls of identify {unknown}
Potions
 j - a potion of mutation {unknown}


   Skills:
 + Level 2.8 Fighting
 + Level 2.1 Maces & Flails
 + Level 1.0 Throwing
 + Level 2.3 Dodging
 + Level 2.6 Spellcasting
 * Level 3.6 Translocations


You had 7 spell levels left.
You didn't know any spells.
Your spell library contained the following spells:

 Spells                   Type           Power      Damage    Failure   Level
 Blink                    Tloc           22%        N/A       8%          2
 Lesser Beckoning         Tloc           22%        N/A       8%          2
 Teleport Other           Tloc           11%        N/A       16%         3
 Portal Projectile        Hex/Tloc       12%        N/A       32%         3
 Vhi's Electric Charge    Tloc/Air       12%        N/A       32%         3
 Manifold Assault         Tloc           11%        N/A       45%         4
 Call Canine Familiar     Summ           1%         N/A       56%         3
 Leda's Liquefaction      Hex/Erth       0%         N/A       92%         4


Dungeon Overview and Level Annotations

Branches:
Dungeon (2/15)

Altars:


Innate Abilities, Weirdness & Mutations

You are too large for most types of armour.
You have tough skin. (AC +1)


Message History

You hit the hobgoblin but do no damage.
The hobgoblin is heavily wounded.
The hobgoblin hits you. The hobgoblin misses you.
You hit the hobgoblin.
You kill the hobgoblin!
The ball python bites you.
You hit the ball python.
The ball python is severely wounded.
The ball python bites you but does no damage.
You sock the ball python!
You kill the ball python!
You completely miss the black bear. The black bear bites you.
The black bear claws you. The black bear barely misses you.
The black bear bites you.
The black bear claws you but does no damage. x2
You barely miss the black bear. The black bear completely misses you.
The black bear claws you.
The black bear claws you but does no damage.
You hit the black bear but do no damage.
The black bear bites you! The black bear claws you.
The black bear claws you but does no damage.
You hit the black bear but do no damage.
You punch the black bear.
The black bear is lightly wounded.
The black bear closely misses you.
The black bear claws you but does no damage.
The black bear claws you. The black bear bites you!
* * * LOW HITPOINT WARNING * * *
The black bear barely misses you. The black bear claws you.
* * * LOW HITPOINT WARNING * * *
You hit the black bear.
The black bear is moderately wounded.
The black bear barely misses you.
The black bear claws you but does no damage. x2
You hit the black bear.
The black bear is moderately wounded.
The black bear bites you.
* * * LOW HITPOINT WARNING * * *
The black bear claws you.
You die...

######## #...h@.###
###''###...#
#~~..~~###.#
#~.o..~# #.#######
#~..♣.~#
#.......#######
#~g♣
.~#................
#~.
.~##...............
#~S
~~##...............
###
####...............


You could see a black bear.

Vanquished Creatures
  A gnoll (D:1)
  An adder (D:4)
  A dart slug (D:4)
  An orc (D:4)
  2 bats (D:1)
  6 endoplasms (D:1)
  4 goblins
  2 hobgoblins
  3 ball pythons
  A frilled lizard (D:1)
  2 kobolds (D:1)
  A rat (D:1)
25 creatures vanquished.

Notes
Turn   | Place    | Note
-------+----------+-------------------------------------------
     0 | D:1      | jimonade the Ogre Warper began the quest for the Orb.
     0 | D:1      | Reached XP level 1. HP: 22/22 MP: 3/3
   115 | D:1      | Reached skill level 3 in Translocations
   420 | D:1      | Reached XP level 2. HP: 29/29 MP: 5/5
   761 | D:1      | Reached XP level 3. HP: 27/36 MP: 6/6
  1058 | D:2      | You fall into a shaft and drop 2 floors!
  1110 | D:4      | Noticed a black bear
  1133 | D:4      | HP: 1/36 [black bear (2)]
  1135 | D:4      | Slain by a black bear

Illustrated notes

Levels and vault maps discovered:
D:1:      minmay_arrival_four_houses, layout_loops_corners, feat_on_display
D:2:      layout_basic, shapermc_ecumenical_altar_venn
D:4:      layout_basic, ebering_ghost_disaster_area,
          nicolae_ossuary_entry_catacombs, kennysheep_generic_room_12,
          uniq_blork_the_orc

Skill      XL: |  1  2  3 |
---------------+----------+-----
Translocations | 3 |  3.6
Maces & Flails | 2 |  2.1
Fighting       | |  2.8
Throwing       | |  1.0
Dodging        | |  2.3
Spellcasting   | |  2.6

Action                     || total
---------------------------++-------
  Melee: Mace              ||    93
         Punch             ||     1
 Armour: Robe              ||    34
  Dodge: Dodged            ||    50

Table legend: (Time is in decaauts)
 A = Elapsed time spent in this place.
 B = Non-inter-level travel time spent in this place.
 C = Inter-level travel time spent in this place.
 D = Time resting spent in this place.
 E = Time spent auto-exploring this place.
 F = Levels seen in this place.
 G = Mean time per level.
                   A        B        C        D        E       F      G
               +--------+--------+--------+--------+--------+-----+--------+
         Total |   1162 |   1122 |     40 |      0 |    845 |   3 |  387.3 |
       Dungeon |   1162 |   1122 |     40 |      0 |    845 |   3 |  387.3 |
               +--------+--------+--------+--------+--------+-----+--------+

Top non-repeatable levels by time:
     D:1: 1045 daAuts
     D:4: 83 daAuts
     D:2: 33 daAuts
